XFBL
SAN DIEGO PADRES @ LOS ANGELES DODGERS
04/11/1982
 
TOP OF THE 1ST
San Diego Padres batting - Pitching for Los Angeles Dodgers : RHP David Garcia
Pitching: RHP David Garcia
Batting: RHB Bob Dernier 0-0: Bunt for hit to 5S - play at first, batter OUT! 5-3
Batting: RHB Dennis Dungy 0-0: Called Strike
0-1: Ground out 6-3 (Groundball, 6, EV 85.6 MPH)
Batting: LHB Tom Dunbar 0-0: Ball
1-0: Ball
2-0: Foul Ball, location: 2F
2-1: Foul Ball, location: 2F
2-2: DOUBLE (Line Drive, 7LS, EV 107.5 MPH)
Batting: LHB Jerry McDonald 0-0: Called Strike
0-1: DOUBLE (Line Drive, 9LS, EV 93.8 MPH)
Tom Dunbar scores
Batting: RHB Dave Edler 0-0: Swinging Strike
0-1: Swinging Strike
0-2: Strikes out swinging
Top of the 1st over - 1 run, 2 hits, 0 errors, 1 left on base; San Diego 1 - Los Angeles 0
BOTTOM OF THE 1ST
Los Angeles Dodgers batting - Pitching for San Diego Padres : LHP Danny Arizola
Pitching: LHP Danny Arizola
Batting: RHB Billy Sample 0-0: Called Strike
0-1: Ball
1-1: Foul Ball, location: 2F
1-2: Ball
2-2: SINGLE (Line Drive, 9LM, EV 97.5 MPH)
Batting: RHB Mike Shelton 0-0: Ball
1-0: Ball
2-0: Ball
3-0: Called Strike
3-1: Swinging Strike
3-2: SINGLE (Groundball, 5D, EV 105.0 MPH)
Billy Sample to second
Batting: RHB Dick Davis 0-0: Swinging Strike
0-1: Ball
1-1: Foul Ball, location: 2F
1-2: Ball
2-2: SINGLE (Groundball, P, EV 80.0 MPH) (infield hit)
Billy Sample to third
Mike Shelton to second
Batting: RHB Jerry Keller 0-0: Called Strike
0-1: Ball
1-1: Ball
2-1: Ball
3-1: Foul Ball, location: 2F
3-2: GRAND SLAM HOME RUN (Flyball, 8LXD, EV 95.6 MPH), Distance : 434 ft
Batting: RHB Gary Gaetti 0-0: Ball
1-0: Foul Ball, location: 2F
1-1: Ball
2-1: Ball
3-1: Fly out, F9 (Flyball, 89M, EV 80.6 MPH)
Batting: RHB Toby Harrah 0-0: Called Strike
0-1: Swinging Strike
0-2: Ball
1-2: Foul Ball, location: 2F
1-2: Ball
2-2: Strikes out swinging
Batting: SHB Chris W Smith 0-0: Ball
1-0: Ground out 5-3 (Groundball, 15, EV 85.0 MPH)
Bottom of the 1st over - 4 runs, 4 hits, 0 errors, 0 left on base; San Diego 1 - Los Angeles 4
TOP OF THE 2ND
San Diego Padres batting - Pitching for Los Angeles Dodgers : RHP David Garcia
Batting: RHB Heriberto Soltero 0-0: Ground out 6-3 (Groundball, 6D, EV 101.3 MPH)
Batting: LHB Darrell Porter 0-0: Called Strike
0-1: Foul Ball, location: 2F
0-2: Ball
1-2: Strikes out swinging
Batting: LHB Jeffrey Zitek 0-0: Single, Error in OF, E8, batter to second base (Line Drive, 78M, EV 98.8 MPH)
Batting: LHB Danny Arizola 0-0: Swinging Strike
0-1: Ball
1-1: Foul Ball, location: 2F
1-2: Foul Ball, location: 2F
1-2: Strikes out swinging
Top of the 2nd over - 0 runs, 1 hit, 1 error, 1 left on base; San Diego 1 - Los Angeles 4
BOTTOM OF THE 2ND
Los Angeles Dodgers batting - Pitching for San Diego Padres : LHP Danny Arizola
Batting: RHB Roberto Reyes 0-0: Called Strike
0-1: Ball
1-1: Foul Ball, location: 2F
1-2: Ball
2-2: Ball
3-2: Foul Ball, location: 2F
3-2: Base on Balls
Batting: SHB David Garcia 0-0: Sac Bunt to 15S - play at first, batter OUT! 1-4
Roberto Reyes to second
Batting: RHB Billy Sample 0-0: Fly out, F9 (Flyball, 9S, EV 85.6 MPH)
Batting: RHB Mike Shelton 0-0: Called Strike
0-1: Called Strike
0-2: Ball
1-2: Ball
2-2: Ball
3-2: Base on Balls
Batting: RHB Dick Davis 0-0: Ball
1-0: DOUBLE (Groundball, 5L, EV 104.4 MPH)
Roberto Reyes scores
Mike Shelton to third
Runner from 3rd tries for Home, SAFE, no throw by LF
Pitching: RHP Luis Gutierrez
Batting: RHB Jerry Keller 0-0: Ball
1-0: Ball
2-0: Foul Ball, location: 2F
2-1: Foul Ball, location: 2F
2-2: Foul Ball, location: 2F
2-2: Ball
3-2: Base on Balls
Batting: RHB Gary Gaetti 0-0: Foul Ball, location: 2F
0-1: Ball
1-1: Ball
2-1: Swinging Strike
2-2: Ball
3-2: Strikes out swinging
Bottom of the 2nd over - 2 runs, 1 hit, 0 errors, 2 left on base; San Diego 1 - Los Angeles 6
TOP OF THE 3RD
San Diego Padres batting - Pitching for Los Angeles Dodgers : RHP David Garcia
Batting: RHB Bob Dernier 0-0: Ball
1-0: Fly out, F3 (Popup, 3S, EV 86.3 MPH)
Batting: RHB Dennis Dungy 0-0: Ball
1-0: Ground out 6-3 (Groundball, 6M, EV 98.1 MPH)
Batting: LHB Tom Dunbar 0-0: Called Strike
0-1: Ball
1-1: Ground out U3 (Groundball, 23, EV 91.3 MPH)
Top of the 3rd over - 0 runs, 0 hits, 0 errors, 0 left on base; San Diego 1 - Los Angeles 6
BOTTOM OF THE 3RD
Los Angeles Dodgers batting - Pitching for San Diego Padres : RHP Luis Gutierrez
Batting: RHB Toby Harrah 0-0: SINGLE (Line Drive, 89S, EV 106.9 MPH)
Batting: SHB Chris W Smith 0-0: Ball
Balk!
Toby Harrah to second
1-0: Fly out, F9 (Flyball, 9S, EV 91.3 MPH)
Batting: RHB Roberto Reyes 0-0: Fly out, F8 (Line Drive, 8LM, EV 106.9 MPH)
Batting: SHB David Garcia 0-0: Called Strike
0-1: Foul Ball, location: 2F
0-2: Strikes out swinging
Bottom of the 3rd over - 0 runs, 1 hit, 0 errors, 1 left on base; San Diego 1 - Los Angeles 6
TOP OF THE 4TH
San Diego Padres batting - Pitching for Los Angeles Dodgers : RHP David Garcia
Batting: LHB Jerry McDonald 0-0: Ball
1-0: Foul Ball, location: 2F
1-1: SINGLE (Groundball, 4MS, EV 65.0 MPH) (infield hit)
Batting: RHB Dave Edler 0-0: Ball
1-0: Called Strike
Jerry McDonald steals 2nd base
1-1: Ball
2-1: Fly out, F4 (Line Drive, 4, EV 77.5 MPH)
Batting: RHB Heriberto Soltero 0-0: Foul Ball, location: 2F
0-1: Ball
1-1: Swinging Strike
1-2: Strikes out swinging
Batting: LHB Darrell Porter 0-0: Ball
1-0: Ball
2-0: Called Strike
2-1: Ground out U3 (Groundball, 3, EV 85.0 MPH)
Top of the 4th over - 0 runs, 1 hit, 0 errors, 1 left on base; San Diego 1 - Los Angeles 6
BOTTOM OF THE 4TH
Los Angeles Dodgers batting - Pitching for San Diego Padres : RHP Luis Gutierrez
Batting: RHB Billy Sample 0-0: Called Strike
0-1: Ball
1-1: Called Strike
1-2: Fly out, F8 (Flyball, 8LM, EV 91.9 MPH)
Batting: RHB Mike Shelton 0-0: Ball
1-0: Ball
2-0: Called Strike
2-1: Ball
3-1: Base on Balls
Batting: RHB Dick Davis Pickoff Throw to First - Out! 1-3
0-0: Foul Ball, location: 2F
0-1: Called Strike
0-2: TRIPLE (Flyball, 89XD, EV 101.3 MPH)
Batting: RHB Jerry Keller 0-0: Called Strike
0-1: Foul Ball, location: 2F
0-2: Fly out, F3 (Popup, 23F, EV 82.5 MPH)
Bottom of the 4th over - 0 runs, 1 hit, 0 errors, 1 left on base; San Diego 1 - Los Angeles 6
TOP OF THE 5TH
San Diego Padres batting - Pitching for Los Angeles Dodgers : RHP David Garcia
Batting: LHB Jeffrey Zitek 0-0: Called Strike
0-1: Called Strike
0-2: Ball
1-2: Foul Ball, location: 2F
1-2: Ground out 4-3 (Groundball, 4, EV 76.9 MPH)
Batting: LHB Luis Gutierrez 0-0: Ground out 1-3 (Groundball, 34S, EV 61.9 MPH)
Batting: RHB Bob Dernier 0-0: Called Strike
0-1: Ground out 6-3 (Groundball, 6, EV 103.8 MPH)
Top of the 5th over - 0 runs, 0 hits, 0 errors, 0 left on base; San Diego 1 - Los Angeles 6
BOTTOM OF THE 5TH
Los Angeles Dodgers batting - Pitching for San Diego Padres : RHP Luis Gutierrez
Batting: RHB Gary Gaetti 0-0: Called Strike
0-1: Swinging Strike
0-2: Foul Ball, location: 2F
0-2: SINGLE (Groundball, 6M, EV 85.0 MPH) (infield hit)
Batting: RHB Toby Harrah 0-0: Ball
1-0: Ball
2-0: Ball
3-0: Base on Balls
Gary Gaetti to second
Batting: SHB Chris W Smith 0-0: Ball
1-0: Ball
2-0: Foul Ball, location: 2F
2-1: Fielders Choice at 2nd, 6-4 (Groundball, 56, EV 106.3 MPH)
Gary Gaetti to third
Batting: RHB Roberto Reyes 0-0: Foul Ball, location: 2F
0-1: Ball
Wild Pitch!
Gary Gaetti scores
Chris W Smith to second
1-1: DOUBLE (Flyball, 9LD, EV 110.0 MPH)
Chris W Smith scores
Batting: SHB David Garcia 0-0: Foul Ball, location: 2F
0-1: Called Strike
0-2: Ball
1-2: Strikes out swinging
Batting: RHB Billy Sample 0-0: Called Strike
0-1: Swinging Strike
0-2: Ball
1-2: Foul Ball, location: 2F
1-2: Ball
2-2: Fly out, F7 (Line Drive, 7D, EV 98.8 MPH)
Bottom of the 5th over - 2 runs, 2 hits, 0 errors, 1 left on base; San Diego 1 - Los Angeles 8
TOP OF THE 6TH
San Diego Padres batting - Pitching for Los Angeles Dodgers : RHP David Garcia
Batting: RHB Dennis Dungy 0-0: Foul Ball, location: 2F
0-1: Swinging Strike
0-2: Ball
1-2: Ball
2-2: Foul Ball, location: 2F
2-2: Foul Ball, location: 2F
2-2: Foul Ball, location: 2F
2-2: Ball
3-2: Ground out 4-3 (Groundball, 4, EV 91.3 MPH)
Batting: LHB Tom Dunbar 0-0: Ball
1-0: Ball
2-0: Ball
3-0: Called Strike
3-1: Base on Balls
Batting: LHB Jerry McDonald 0-0: Ball
Tom Dunbar steals 2nd base
1-0: Ground out 4-3 (Groundball, 4, EV 88.1 MPH)
Tom Dunbar to third
Batting: RHB Dave Edler 0-0: Foul Ball, location: 2F
0-1: Foul Ball, location: 2F
0-2: Ball
1-2: Foul Ball, location: 2F
1-2: Strikes out looking
Top of the 6th over - 0 runs, 0 hits, 0 errors, 1 left on base; San Diego 1 - Los Angeles 8
BOTTOM OF THE 6TH
Los Angeles Dodgers batting - Pitching for San Diego Padres : RHP Luis Gutierrez
Batting: RHB Mike Shelton 0-0: Ball
1-0: Ball
2-0: Foul Ball, location: 2F
2-1: Ball
3-1: Base on Balls
Batting: RHB Dick Davis 0-0: Called Strike
0-1: Foul Ball, location: 2F
0-2: Ball
1-2: Ball
2-2: Foul Ball, location: 2F
2-2: Fly out, F7 (Flyball, 7LS, EV 95.0 MPH)
Pitching: LHP Ed Vande Berg
Batting: RHB Jerry Keller 0-0: Called Strike
0-1: Ball
1-1: Called Strike
1-2: Ball
2-2: Ball
3-2: Foul Ball, location: 2F
3-2: Foul Ball, location: 2F
3-2: Foul Ball, location: 2F
3-2: Ground out 6-3 (Groundball, 6S, EV 66.9 MPH)
Mike Shelton to second
Batting: RHB Gary Gaetti 0-0: Called Strike
0-1: Ball
1-1: Reached on error, E4 (Groundball, 4, EV 102.5 MPH)
Mike Shelton to third
Batting: RHB Toby Harrah 0-0: Called Strike
0-1: Ball
1-1: Swinging Strike
1-2: Ball
2-2: Foul Ball, location: 2F
2-2: Ball
Gary Gaetti is caught stealing 2nd base 2-4
Bottom of the 6th over - 0 runs, 0 hits, 1 error, 1 left on base; San Diego 1 - Los Angeles 8
TOP OF THE 7TH
San Diego Padres batting - Pitching for Los Angeles Dodgers : RHP David Garcia
Batting: RHB Heriberto Soltero 0-0: Ball
1-0: Called Strike
1-1: Foul Ball, location: 2F
1-2: Ground out 6-3 (Groundball, 6, EV 86.3 MPH)
Batting: LHB Darrell Porter 0-0: Called Strike
0-1: Foul Ball, location: 2F
0-2: Foul Ball, location: 2F
0-2: Foul Ball, location: 2F
0-2: Ball
1-2: Foul Ball, location: 2F
1-2: Fly out, F8 (Flyball, 8LM, EV 90.0 MPH)
Batting: LHB Jeffrey Zitek 0-0: Ball
1-0: Fly out, F3 (Popup, 3SF, EV 68.1 MPH)
Top of the 7th over - 0 runs, 0 hits, 0 errors, 0 left on base; San Diego 1 - Los Angeles 8
BOTTOM OF THE 7TH
Los Angeles Dodgers batting - Pitching for San Diego Padres : LHP Ed Vande Berg
Pinch Hitting: RHB Damaso Garcia 0-0: Foul Ball, location: 2F
0-1: Fly out, F8 (Flyball, 8RS, EV 80.6 MPH)
Batting: SHB Chris W Smith 0-0: Called Strike
0-1: Ball
1-1: Ball
2-1: Ball
3-1: Called Strike
3-2: Foul Ball, location: 2F
3-2: Base on Balls
Batting: RHB Roberto Reyes 0-0: Fly out, F8 (Flyball, 8RD, EV 83.8 MPH)
Batting: SHB David Garcia 0-0: Foul Ball, location: 2F
0-1: Swinging Strike
0-2: Ball
1-2: Ball
2-2: Strikes out swinging
Bottom of the 7th over - 0 runs, 0 hits, 0 errors, 1 left on base; San Diego 1 - Los Angeles 8
TOP OF THE 8TH
San Diego Padres batting - Pitching for Los Angeles Dodgers : RHP David Garcia
Now at 2B: Damaso Garcia
Batting: RHB Ed Vande Berg 0-0: Swinging Strike
0-1: Ball
1-1: Swinging Strike
1-2: Ball
2-2: Strikes out looking
Batting: RHB Bob Dernier 0-0: Ball
1-0: Ball
2-0: Ball
3-0: Called Strike
3-1: Base on Balls
Batting: RHB Dennis Dungy 0-0: Foul Ball, location: 2F
0-1: Swinging Strike
0-2: Foul Ball, location: 2F
0-2: Ball
1-2: Ball
2-2: Foul Ball, location: 2F
2-2: Foul Ball, location: 2F
2-2: Foul Ball, location: 2F
2-2: Ball
3-2: Hit by Pitch
Bob Dernier to second
Batting: LHB Tom Dunbar 0-0: Foul Ball, location: 2F
0-1: Foul Ball, location: 2F
0-2: Fly out, F9 (Line Drive, 9, EV 105.6 MPH)
Batting: LHB Jerry McDonald 0-0: Ball
1-0: Ball
2-0: Foul Ball, location: 2F
2-1: Foul Ball, location: 2F
2-2: Foul Ball, location: 2F
2-2: SINGLE (Groundball, 6S, EV 65.6 MPH) (infield hit)
Bob Dernier to third
Dennis Dungy to second
Batting: RHB Dave Edler 0-0: Called Strike
0-1: Swinging Strike
0-2: Ball
1-2: Foul Ball, location: 2F
1-2: Fly out, F8 (Line Drive, 8RD, EV 89.4 MPH)
Top of the 8th over - 0 runs, 1 hit, 0 errors, 3 left on base; San Diego 1 - Los Angeles 8
BOTTOM OF THE 8TH
Los Angeles Dodgers batting - Pitching for San Diego Padres : LHP Ed Vande Berg
Pinch Hitting: RHB John Almon 0-0: Ball
1-0: Fly out, F8 (Line Drive, 8RD, EV 94.4 MPH)
Batting: RHB Mike Shelton 0-0: Called Strike
0-1: Ball
1-1: Ground out 6-3 (Groundball, 6, EV 103.1 MPH)
Pinch Hitting: LHB Ronald Jackson 0-0: Ball
1-0: Ball
2-0: Swinging Strike
2-1: Foul Ball, location: 2F
2-2: Ball
3-2: Base on Balls
Batting: RHB Jerry Keller 0-0: Ball
1-0: Foul Ball, location: 2F
1-1: Foul Ball, location: 2F
1-2: Ball
2-2: Strikes out swinging
Bottom of the 8th over - 0 runs, 0 hits, 0 errors, 1 left on base; San Diego 1 - Los Angeles 8
TOP OF THE 9TH
San Diego Padres batting - Pitching for Los Angeles Dodgers : RHP David Garcia
Now in LF: Ronald Jackson
Now in CF: John Almon
Batting: RHB Heriberto Soltero 0-0: Called Strike
0-1: Called Strike
0-2: Ball
1-2: Ball
2-2: Foul Ball, location: 2F
2-2: Strikes out swinging
Batting: LHB Darrell Porter 0-0: Swinging Strike
0-1: Ball
1-1: Ball
2-1: Ball
3-1: Base on Balls
Batting: LHB Jeffrey Zitek 0-0: Fielders Choice at 2nd, 4-6 (Groundball, 4, EV 86.9 MPH)
Pinch Hitting: LHB Eric Attaway 0-0: Ball
1-0: Ball
2-0: Ball
3-0: Base on Balls
Jeffrey Zitek to second
Batting: RHB Bob Dernier 0-0: Called Strike
0-1: Foul Ball, location: 2F
0-2: Ball
1-2: SINGLE (Groundball, 4MD, EV 98.1 MPH)
Jeffrey Zitek to third
Eric Attaway to second
Pitching: RHP Robert Polinsky
Batting: RHB Dennis Dungy 0-0: Ball
1-0: GRAND SLAM HOME RUN (Flyball, 89XD, EV 103.1 MPH), Distance : 418 ft
Batting: LHB Tom Dunbar 0-0: Called Strike
0-1: Ball
1-1: Ball
2-1: Ball
3-1: Foul Ball, location: 2F
3-2: Base on Balls
Batting: LHB Jerry McDonald 0-0: Ball
1-0: Ground out 4-3 (Groundball, 4, EV 79.4 MPH)
Top of the 9th over - 4 runs, 2 hits, 0 errors, 1 left on base; San Diego 5 - Los Angeles 8
Tuesday, July 21st, 2020 - OOTP Baseball 21.4 Build 63